 Dungeon Crawl Stone Soup version 0.29.1-15-g9cfb28693d (webtiles) character file.

Game seed: 2684692627391116445

1 dudediamond6 the Conjurer (level 1, 0/14 HPs)
             Began as a Draconian Conjurer on Feb 24, 2023.
             Slain by a jackal (1 damage)
             ... on level 1 of the Dungeon.
             The game lasted 00:00:36 (93 turns).

dudediamond6 the Conjurer (Draconian Conjurer)        Turns: 93, Time: 00:00:37

Health: 0/14       AC:  4    Str:  9    XL:     1   Next: 16%
Magic:  1/3        EV: 12    Int: 18    God:
Gold:   10         SH:  0    Dex:  9    Spells: 3/4 levels left

rFire   . . .      SeeInvis .   (no weapon)
rCold   . . .      Faith    .   (no shield)
rNeg    . . .      Spirit   .   (body armour unavailable)
rPois   .          Reflect  .   (helmet restricted)
rElec   .          Harm     .   (no cloak)
rCorr   .          Rampage  .   (no gloves)
Will    .....                   (no boots)
Stlth   ++........              (no amulet)
HPRegen 0.04/turn               (no ring)
MPRegen 0.08/turn               (no ring)

@: no status effects
A: AC +4, unfitting armour, cold-blooded
a: no special abilities


You were on level 1 of the Dungeon.
You visited 1 branch of the dungeon, and saw 1 of its levels.

You collected 10 gold pieces.

Inventory:

Potions
 a - a potion of magic
 b - a potion of degeneration {unknown}


   Skills:
 - Level 1.7 Dodging
 - Level 1.7 Stealth
 * Level 2.1 Spellcasting
 - Level 4.0 Conjurations


You had 3 spell levels left.
You knew the following spells:

 Your Spells              Type           Power      Damage    Failure   Level
a - Magic Dart            Conj           64%        1d6       3%          1

Your spell library contained the following spells:

 Spells                   Type           Power      Damage    Failure   Level
 Searing Ray              Conj           32%        2d5       5%          2
 Dazzling Flash           Conj/Hex       18%        N/A       24%         3
 Fulminant Prism          Conj/Hex       4%         3d6       61%         4
 Iskenderun's Mystic Bla  Conj/Tloc      9%         2d4       61%         4


Dungeon Overview and Level Annotations

Branches:
Dungeon (1/15)

Altars:


Innate Abilities, Weirdness & Mutations

Your plain brown scales are hard. (AC +4)
You cannot fit into any form of body armour.
You are cold-blooded and may be slowed by cold attacks.


Message History

The magic dart hits the jackal.
The jackal is severely wounded.
The jackal bites you but does no damage.
You closely miss the jackal.
The jackal is severely wounded.
The jackal closely misses you.
You hit the jackal but do no damage.
The jackal is severely wounded.
The jackal closely misses you. x2
You closely miss the jackal.
You tail-slap the jackal, but do no damage.
The jackal is severely wounded.
The jackal barely misses you.
You hit the jackal but do no damage.
The jackal is severely wounded.
The jackal barely misses you. x2
You hit the jackal.
The jackal is almost dead.
The jackal barely misses you.
You closely miss the jackal.
Your tail-slap misses the jackal.
The jackal is almost dead.
The jackal barely misses you.
You closely miss the jackal.
The jackal is almost dead.
The jackal bites you but does no damage.
The jackal misses you.
You hit the jackal but do no damage.
The jackal is severely wounded.
The jackal bites you but does no damage.
You hit the jackal but do no damage.
The jackal is severely wounded.
The jackal bites you.
* * * LOW HITPOINT WARNING * * *
The jackal bites you.
* * * LOW HITPOINT WARNING * * *
You are too injured to fight recklessly!
You are too injured to fight recklessly!
The jackal attacks as you move away! The jackal closely misses you.
The jackal bites you.
You die...

#...##......##.h..# #
###.#.#######.###.#.#
#...#...#<# #.....#.#
#.#.#####.#.###.###.#.#
#.....# #...#...# #.#.#
#####.#######.### #...#
#.....#.h..h# ..###
#.###.#h##### #.# ...
#.@.# #.# #.# #.### #.#
... ...# #.# ##### #.


You could see 2 jackals.

Vanquished Creatures
  A goblin (D:1)
1 creature vanquished.

Notes
Turn   | Place    | Note
-------+----------+-------------------------------------------
     0 | D:1      | dudediamond6 the Draconian Conjurer began the quest for the
                  | Orb.
     0 | D:1      | Reached XP level 1. HP: 14/14 MP: 3/3
    93 | D:1      | Slain by a jackal

Illustrated notes

Levels and vault maps discovered:
D:1:      elethiomel_arrival_maze, layout_basic, serial_shops,
          nicolae_shop_crystal

Action                   || total
-------------------------++-------
Melee: Unarmed           ||    19
       Tailslap          ||     2
 Cast: Magic Dart        ||     5
Armor: Skin              ||    12
Dodge: Dodged            ||    28
